 Dungeon Crawl Stone Soup version 0.30-a0-860-g512cf1e979 (webtiles) character file.

Game seed: 18102603013557602196

128 zenocrate the Shooter (level 4, 37/37 HPs)
             Began as a Minotaur Hunter on Mar 7, 2023.
             Quit the game on level 3 of the Dungeon.
             The game lasted 00:00:50 (1689 turns).

zenocrate the Shooter (Minotaur Hunter)             Turns: 1689, Time: 00:00:51

Health: 37/37      AC:  8    Str: 15    XL:     4   Next: 87%
Magic:  3/3        EV: 12    Int:  6    God:
Gold:   172        SH:  0    Dex: 16    Spells: 3/3 levels left

rFire   . . .      SeeInvis .    a - +0 shortbow
rCold   . . .      Faith    .    (shield currently unavailable)
rNeg    . . .      Spirit   .    c - +0 leather armour
rPois   .          Reflect  .    (helmet restricted)
rElec   .          Rampage  .    q - +0 cloak
rCorr   .                        (no gloves)
Will    .....                    (no boots)
Stlth   +                        (no amulet)
HPRegen 0.26/turn                i - +4 ring of protection
MPRegen 0.08/turn                (no ring)

@: no status effects
A: horns 2, retaliatory headbutt
a: no special abilities


You were on level 3 of the Dungeon.
You visited 1 branch of the dungeon, and saw 3 of its levels.

You collected 172 gold pieces.

Inventory:

Hand Weapons
 a - a +0 shortbow (weapon)
Armour
 c - a +0 leather armour (worn)
 q - a +0 cloak (worn)
Jewellery
 i - a +4 ring of protection (left hand)
 n - a ring of ice
Scrolls
 b - a scroll of immolation
 d - a scroll of noise {unknown}
 e - a scroll of butterflies {unknown}
 f - a scroll of blinking {unknown}
 g - 2 scrolls of vulnerability {unknown}
 j - a scroll of magic mapping {unknown}
 k - a scroll of fog {unknown}
 m - a scroll of identify {unknown}
 o - a scroll of enchant weapon {unknown}
Potions
 h - a potion of curing {unknown}
 l - 3 potions of heal wounds {unknown}
 p - a potion of mutation {unknown}
 r - a potion of degeneration {unknown}


   Skills:
 - Level 2.4 Fighting
 + Level 6.9 Ranged Weapons
 - Level 2.1 Dodging
 - Level 0.7 Stealth


You had 3 spell levels left.
You didn't know any spells.
Your spell library was empty.

Dungeon Overview and Level Annotations

Branches:
Dungeon (3/15)

Altars:


Innate Abilities, Weirdness & Mutations

You have a pair of horns on your head.
You reflexively headbutt those who attack you in melee.


Message History

You kill the ball python!
The goblin hits you but does no damage.
You shoot an arrow. The arrow hits the orc!
You kill the orc!
The goblin closely misses you.
You shoot an arrow. The arrow hits the orc wizard!
The orc wizard is severely wounded.
The orc wizard hits you but does no damage.
The goblin completely misses you.
You shoot an arrow. The arrow hits the orc wizard.
You kill the orc wizard!
The goblin hits you but does no damage. The goblin hits you but does no damage.
Items here: $ )) [ †††.
You shoot an arrow. The arrow hits the goblin!
You kill the goblin!
Found a glowing white potion.
No target in view!
No target in view!
No target in view!
HP restored.
l - 2 dark potions (gained 1)
You now have 172 gold pieces (gained 23).
Items here: )) [ †††.
r - a glowing white potion No target in view!
A hobgoblin comes into view.
A hobgoblin is nearby!
You shoot an arrow. The arrow hits the hobgoblin.
The hobgoblin shouts!
The hobgoblin is moderately wounded.
A hobgoblin is nearby!
You shoot an arrow. The arrow hits the hobgoblin.
The hobgoblin is almost dead.
A hobgoblin is nearby!
You shoot an arrow. The arrow hits the hobgoblin!
You kill the hobgoblin!
l - 3 dark potions (gained 1)
Found a stone staircase leading down.
Are you sure you want to abandon this character and quit the game? (Confirm with "yes".)

##.....##.##...########
.............)##....#...##
......#....)#)...........##
..#..###.#................#
####.....#.####...........#
#####...####...........#
#.................##
#...#####.........########
##.. #@................
.......#######..........
....... #.......... .?.....
#.......... ....$..
#.......... .......
#.......... .....>.
#.......... .......
#.......... ###########


There were no monsters in sight!

Vanquished Creatures
  Crazy Yiuf (D:2)
  An orc wizard (D:3)
  Robin (D:2)
  An adder (D:2)
  A worm (D:2)
  3 dart slugs
  2 orcs (D:3)
  3 ball pythons
  A giant cockroach (D:1)
  13 goblins
  5 hobgoblins
  4 kobolds
  2 quokkas
  A bat (D:1)
  A frilled lizard (D:2)
  3 rats
43 creatures vanquished.

Notes
Turn   | Place    | Note
-------+----------+-------------------------------------------
     0 | D:1      | zenocrate the Minotaur Hunter began the quest for the Orb.
     0 | D:1      | Reached XP level 1. HP: 18/18 MP: 0/0
   183 | D:1      | Reached XP level 2. HP: 25/25 MP: 1/1
   190 | D:1      | Reached skill level 5 in Ranged Weapons
   759 | D:2      | Noticed Robin
   765 | D:2      | Reached XP level 3. HP: 30/30 MP: 2/2
   768 | D:2      | Killed Robin
   909 | D:2      | Found a runed translucent door.
   910 | D:2      | Noticed Crazy Yiuf
   992 | D:2      | Reached skill level 6 in Ranged Weapons
  1467 | D:2      | Killed Crazy Yiuf
  1468 | D:2      | Reached XP level 4. HP: 20/37 MP: 3/3
  1689 | D:3      | Quit the game

Illustrated notes

Levels and vault maps discovered:
D:1:      reono_arrival_mine, layout_basic, serial_glass, glass_columns_a,
          glass_columns_b, minmay_strange_pillars, feat_on_display,
          item_on_display_a
D:2:      layout_basic, uniq_crazy_yiuf_cottage, uniq_robin
D:3:      layout_rooms, grunt_temple_overflow_order_and_chaos_2, uniq_ijyb

Skill      XL: |  1  2  3 |
---------------+----------+-----
Ranged Weapons | 5 6 |  6.9
Fighting       | |  2.4
Dodging        | |  2.1
Stealth        | |  0.7

Action                     |  1- 3 |  4- 6 || total
---------------------------+-------+-------++-------
  Melee: Shortbow          |       |     2 ||     2
   Fire: Shortbow          |    71 |    16 ||    87
 Armour: Leather armour    |     4 |    12 ||    16
  Dodge: Dodged            |    15 |    17 ||    32

Table legend: (Time is in decaauts)
 A = Elapsed time spent in this place.
 B = Non-inter-level travel time spent in this place.
 C = Inter-level travel time spent in this place.
 D = Time resting spent in this place.
 E = Time spent auto-exploring this place.
 F = Levels seen in this place.
 G = Mean time per level.
                   A        B        C        D        E       F      G
               +--------+--------+--------+--------+--------+-----+--------+
         Total |   1711 |   1660 |     51 |      0 |   1452 |   3 |  570.3 |
       Dungeon |   1711 |   1660 |     51 |      0 |   1452 |   3 |  570.3 |
               +--------+--------+--------+--------+--------+-----+--------+

Top non-repeatable levels by time:
     D:2: 1044 daAuts
     D:1: 551 daAuts
     D:3: 115 daAuts
